Map: Frozen Temple

Players

nightmare

  • Race: Zerg Zerg
  • League: Platinum

blackxored - Winner!

  • Race: Zerg Zerg
  • League: Diamond

VOD

Have the link to the VOD?

Description

Time

  • Played on: July 2, 2016, 3:42 a.m.
  • Length: 5:45
Show
View Real Time Build Order
Export as new Build Order

nightmare Zerg 

Build Orders: Pool First 

Get SALT Encoding   

  12  0:01  Drone  
  13  0:13  Extractor  
  12  0:28  Spawning Pool  
  11  0:29  Drone  
  11  0:33  Drone  
  13  0:38  Drone  
  14  1:15  Baneling Nest  
  14  1:17  Zergling x2  
  14  1:34  Hatchery  
  14  1:36  Zergling x2  
  14  1:42  Metabolic Boost  
  14  1:53  Overlord  
  14  2:02  Baneling x2  
  14  2:11  Zergling x2  
  14  2:12  Zergling x2  
  16  2:20  Zergling x2  
  16  2:33  Zergling x2  
  17  2:38  Zergling x2  
  17  2:48  Zergling x4  
  17  2:49  Baneling  
  17  2:50  Baneling  
  17  2:51  Baneling x2  
  19  2:59  Zergling x2  
  20  3:08  Zergling x2  
  20  3:11  Zergling x2  
  20  3:24  Overlord  
  18  3:29  Zergling x2  
  18  3:38  Zergling x4  
  19  3:44  Zergling x2  
  20  3:53  Zergling x2  
  20  3:55  Drone  
  19  4:01  Zergling x2  
  20  4:09  Baneling  
  20  4:18  Zergling x4  
  21  4:39  Zergling x6  
  23  4:46  Zergling x4  
  23  4:48  Zergling x2  
  25  4:56  Zergling x2  
  26  5:01  Zergling x2  
  26  5:07  Zergling x2  
  27  5:09  Zergling x2  
  27  5:14  Baneling  
  25  5:27  Zergling x6  
Show
View Real Time Build Order
Export as new Build Order

blackxored Zerg - Winner!

Build Orders: Hatch First 

Get SALT Encoding   

  12  0:01  Drone  
  13  0:08  Drone  
  14  0:18  Overlord  
  14  0:22  Extractor  
  14  0:23  Drone  
  15  0:38  Drone  
  15  0:39  Drone  
  17  0:55  Hatchery  
  16  0:57  Drone  
  16  1:01  Drone  
  18  1:16  Extractor  
  17  1:18  Spawning Pool  
  16  1:28  Overlord  
  16  1:31  Drone x2  
  18  2:06  Spine Crawler  
  17  2:10  Baneling Nest  
  17  2:11  Zergling x8  
  20  2:23  Zergling x4, Queen  
  19  2:46  Drone  
  19  2:47  Drone x3  
  23  2:55  Baneling x2  
  20  3:28  Zergling x2  
  20  3:29  Zergling x10  
  26  3:39  Zergling x6  
  26  3:40  Queen  
  29  4:02  Drone x3  
  32  4:22  Baneling  
  29  4:47  Zergling x16  
  35  4:56  Baneling x2  
  35  4:57  Baneling x2  
  34  5:03  Zergling x2  
  34  5:04  Zergling x2  
  35  5:17  Baneling x3  
Tags
 
Add a new tag
Caveats
  • Supply blocks, unpowered buildings, or Contaminate may cause inaccurate times.
  • Supply counts are checked every 10 seconds.